 Dungeon Crawl Stone Soup version 0.27.1-3-gb3d3a73c9e (webtiles) character file.

Game seed: 1515263944035722192

518 Descartes the Magician (level 7, -9/36 HPs)
             Began as a Deep Elf Fire Elementalist on Oct 7, 2021.
             Killed by divine providence
             ... invoked by an orc priest
              (10 damage)
             ... on level 4 of the Dungeon.
             The game lasted 00:09:44 (4732 turns).

Descartes the Magician (Deep Elf Fire Elementalist) Turns: 4732, Time: 00:09:44

Health: -9/36      AC:  4    Str:  5    XL:     7   Next: 1%
Magic:  1/16       EV: 14    Int: 22    God:
Gold:   178        SH:  0    Dex: 15    Spells: 6/16 levels left

rFire    . . .     SeeInvis .   o - +4 quarterstaff (chaos)
rCold    . . .     Faith    .   (shield currently unavailable)
rNeg     . . .     Spirit   .   a - +0 robe
rPois    .         Reflect  .   j - +0 helmet
rElec    .         Harm     .   p - +0 cloak
rCorr    .         Rampage  .   (no gloves)
Will     .....                  (no boots)
Stlth    +++.......             (no amulet)
HPRegen  0.12/turn              (no ring)
MPRegen  0.15/turn              (no ring)

@: no status effects
A: no striking features
a: no special abilities


You were on level 4 of the Dungeon.
You visited 1 branch of the dungeon, and saw 4 of its levels.

You collected 178 gold pieces.

Inventory:

Hand Weapons
 d - a +2 dagger of draining
 n - a +2 mace of distortion
 o - a +4 quarterstaff of chaos (weapon)
Missiles
 c - 38 stones
 e - 41 arrows
 q - 8 poisoned darts
Armour
 a - a +0 robe (worn)
 j - a +0 helmet (worn)
 p - a +0 cloak (worn)
Scrolls
 b - a scroll of enchant weapon
 g - 3 scrolls of enchant armour
 l - a scroll of vulnerability
Potions
 f - a potion of curing {unknown}
 h - 2 potions of might {unknown}
 i - 2 potions of attraction {unknown}


   Skills:
 + Level 4.4 Dodging
 + Level 4.6 Stealth
 - Level 5.0 Spellcasting
 + Level 3.3 Conjurations
 + Level 4.7 Fire Magic
 + Level 1.6 Earth Magic
 + Level 1.4 Poison Magic


You had 6 spell levels left.
You knew the following spells:

 Your Spells              Type           Power      Damage    Failure   Level
a - Foxfire               Conj/Fire      92%        2x1d8     1%          1
b - Fireball              Conj/Fire      11%        3d7       47%         5
c - Olgreb's Toxic Radia  Pois           11%        N/A       50%         4

Your spell library contained the following spells:

 Spells                   Type           Power      Damage    Failure   Level
 Magic Dart               Conj           80%        1d7       2%          1
 Searing Ray              Conj           40%        3d4       3%          2
 Shock                    Conj/Air       48%        1d6       4%          1
 Conjure Flame            Conj/Fire      23%        6-21      6%          3
 Inner Flame              Hex/Fire       15%        N/A       12%         3
 Sticky Flame             Conj/Fire      23%        2d4       19%         4
 Spider Form              Tmut/Pois      4%         N/A       22%         3
 Gell's Gravitas          Tloc           2%         N/A       30%         3
 Lesser Beckoning         Tloc           2%         N/A       30%         3
 Swiftness                Air            5%         N/A       30%         3
 Teleport Other           Tloc           5%         N/A       30%         3
 Fulminant Prism          Conj/Hex       6%         3d7       45%         4
 Bolt of Magma            Conj/Fire/Erth 9%         4d7       58%         5
 Airstrike                Air            2%         N/A       69%         4
 Alistair's Intoxication  Tmut/Pois      5%         N/A       91%         5


Dungeon Overview and Level Annotations

Branches:
Dungeon (4/15)
 Temple: D:4-7

Altars:
The Shining One

Portals:
Ossuary: D:4


Message History

You conjure some foxfire!
The orc hits you with a +0 club.
Casting: Foxfire (safe; 1% risk of failure)
Confirm with . or Enter, or press ? or * to list all spells.
You conjure some foxfire!
The foxfire hits the orc.
The orc is lightly wounded.
The foxfire hits the orc!
You kill the orc!
The orc misses you.
Casting: Foxfire (safe; 1% risk of failure)
Confirm with . or Enter, or press ? or * to list all spells.
You don't have enough magic to cast this spell.
Casting: Foxfire (safe; 1% risk of failure)
Confirm with . or Enter, or press ? or * to list all spells.
You don't have enough magic to cast this spell.
Unknown command.
Casting: Foxfire (safe; 1% risk of failure)
Confirm with . or Enter, or press ? or * to list all spells.
You don't have enough magic to cast this spell.
Unknown command.
The foxfire hits the orc.
The orc is heavily wounded.
The foxfire hits the orc but does no damage.
The orc is heavily wounded.
The orc priest casts a cantrip, but nothing happens.
The orc completely misses you.
You barely miss the orc.
The orc is heavily wounded.
The orc hits you but does no damage.
You hit the orc but do no damage.
The orc is heavily wounded.
The orc closely misses you.
You hit the orc priest but do no damage.
The orc priest invokes the aid of Beogh against you.
Beogh smites you!
* * * LOW HITPOINT WARNING * * *
The orc hits you with a +0 club.
* * * LOW HITPOINT WARNING * * *
The orc priest calls down the wrath of Beogh upon you.
Beogh smites you!
You die...

#.....#....#
#.....#....#..#..
#.....#...(#..#.###
#..)..#....#o......
#.....'....#.......
#.....#....#.......
#.....#.o..#....#
#..oo)#.........#
#...@.#...o.....#
#.....#..##.....#
#.....#......#..#
#.....#....∩....#
#.....#......#..#
#.....#..#....).#
#.....#.........#
#.....#. .......#
#...§§#....#....


You could see an orc priest and an orc.

Vanquished Creatures
  Menkaure (D:4)
  An ogre (D:4)
  A phantom (D:2)
  2 hounds (D:4)
  Crazy Yiuf (D:2)
  Robin (D:2)
  2 adders
  6 worms
  4 dart slugs
  7 orcs
  4 endoplasms
  3 giant cockroaches
  20 goblins
  5 hobgoblins (D:2)
  3 jackals (D:1)
  6 quokkas (D:1)
  6 ball pythons
  3 bats
  2 frilled lizards
  8 kobolds
  5 rats
91 creatures vanquished.

Vanquished Creatures (others)
  415 foxfires
415 creatures vanquished.

Grand Total: 506 creatures vanquished

Notes
Turn   | Place    | Note
-------+----------+-------------------------------------------
     0 | D:1      | Descartes the Deep Elf Fire Elementalist began the quest
                  | for the Orb.
     0 | D:1      | Reached XP level 1. HP: 10/10 MP: 6/6
   339 | D:1      | Reached XP level 2. HP: 15/15 MP: 2/8
  1452 | D:1      | Reached XP level 3. HP: 19/19 MP: 7/9
  1760 | D:2      | Noticed a phantom
  1771 | D:2      | Killed a phantom
  1772 | D:2      | Reached skill level 4 in Spellcasting
  1772 | D:2      | Reached XP level 4. HP: 23/24 MP: 0/12
  2615 | D:2      | Reached XP level 5. HP: 28/28 MP: 11/13
  2777 | D:2      | Noticed Robin
  2859 | D:2      | Killed Robin
  3182 | D:2      | Found a glowing golden altar of the Shining One.
  3391 | D:2      | Found a runed translucent door.
  3398 | D:2      | Noticed Crazy Yiuf
  3417 | D:2      | Killed Crazy Yiuf
  3794 | D:2      | Learned a level 5 spell: Fireball
  4545 | D:3      | Got Sif Muna's Papyrus of Scorching Poison
  4601 | D:3      | Learned a level 4 spell: Olgreb's Toxic Radiance
  4617 | D:4      | Noticed Menkaure
  4623 | D:4      | Reached XP level 6. HP: 24/32 MP: 8/14
  4626 | D:4      | Killed Menkaure
  4627 | D:4      | Reached skill level 1 in Earth Magic
  4627 | D:4      | Reached skill level 1 in Poison Magic
  4689 | D:4      | Reached skill level 5 in Spellcasting
  4689 | D:4      | Reached XP level 7. HP: 34/36 MP: 0/16
  4702 | D:4      | Found a sand-covered staircase.
  4732 | D:4      | HP: 1/36 [orc (1)]
  4732 | D:4      | Killed from afar by an orc priest

Illustrated notes

Levels and vault maps discovered:
D:1:      grunt_arrival_lava_bath, layout_basic, serial_co_window_serial,
          co_window_of_opportunity_a, co_window_paths_b, co_window_paths_b,
          co_window_paths_a, co_window_paths_a, co_window_paths_a,
          co_window_paths_a, co_window_of_opportunity_c,
          co_window_of_opportunity_b, co_window_2corner,
          co_window_of_opportunity_b, minivault_19
D:2:      layout_basic, serial_glass, glass_columns_c, glass_columns_a,
          feat_on_display, minmay_strange_pillars, basic_altar, uniq_robin,
          uniq_crazy_yiuf_cottage
D:3:      layout_basic
D:4:      layout_gridville, nicolae_ossuary_entry_ruins, grunt_ministairs_10,
          minmay_misc_feat_roman, minmay_box_of_dots, uniq_menkaure,
          uniq_eustachio

Skill      XL: |  1  2  3  4  5  6 |
---------------+-------------------+-----
Dodging        | 3 4 |  4.4
Stealth        | 3 4 |  4.6
Spellcasting   | 4 5 |  5.0
Conjurations   | 2 3 |  3.3
Fire Magic     | 4 |  4.7
Earth Magic    | 1 |  1.6
Poison Magic   | 1 |  1.4

Action                   |  1- 3 |  4- 6 |  7- 9 || total
-------------------------+-------+-------+-------++-------
Melee: Dagger            |     1 |    10 |       ||    11
       Quarterstaff      |       |       |     3 ||     3
 Cast: Foxfire           |    81 |   184 |     6 ||   271
  Use: Scroll            |       |     6 |       ||     6
Armor: Robe              |     1 |     6 |     1 ||     8
Dodge: Dodged            |     4 |    33 |     3 ||    40
